 Dungeon Crawl Stone Soup version 0.30-a0-576-g89cddaab80 (webtiles) character file.

Game seed: 293644497825444960

18 Shayle the Conjurer (level 2, -3/17 HPs)
             Began as a Tengu Reaver on Dec 30, 2022.
             Succumbed to a goblin's poison
             ... on level 1 of the Dungeon.
             The game lasted 00:01:20 (656 turns).

Shayle the Conjurer (Tengu Reaver)                   Turns: 656, Time: 00:01:21

Health: -3/17      AC: 10    Str: 12    XL:     2   Next: 66%
Magic:  6/6        EV: 12    Int: 13    God:
Gold:   75         SH:  0    Dex: 12    Spells: 4/5 levels left

rFire   . . .      SeeInvis .    e - +2 mace (protect)
rCold   . . .      Faith    .    (no shield)
rNeg    . . .      Spirit   .    b - +0 leather armour
rPois   .          Reflect  .    (helmet restricted)
rElec   .          Harm     .    (no cloak)
rCorr   .          Rampage  .    (no gloves)
Will    .....                    (boots unavailable)
Stlth   +                        (no amulet)
HPRegen 0.22/turn                (no ring)
MPRegen 0.10/turn                (no ring)

@: lethally poisoned (-3 -> -30), under a protective aura
A: beak, talons 3
a: no special abilities


You were on level 1 of the Dungeon.
You visited 1 branch of the dungeon, and saw 1 of its levels.

You collected 75 gold pieces.

Inventory:

Hand Weapons
 a - a +0 short sword
 e - a +2 mace of protection (weapon)
Armour
 b - a +0 leather armour (worn)
Scrolls
 f - a scroll of fog {unknown}
 g - a scroll of acquirement {unknown}
 h - a scroll of identify {unknown}
Potions
 c - a potion of degeneration {unknown}
 d - a potion of haste {unknown}


   Skills:
 + Level 2.2 Fighting
 - Level 3.2 Short Blades
 + Level 2.5 Dodging
 + Level 0.8 Stealth
 - Level 2.0 Spellcasting
 - Level 4.0 Conjurations
 + Level 0.9 Necromancy
 + Level 0.4 Earth Magic


You had 4 spell levels left.
You knew the following spells:

 Your Spells              Type           Power      Damage    Failure   Level
a - Kiss of Death         Conj/Necr      28%        2d7       12%         1

Your spell library contained the following spells:

 Spells                   Type           Power      Damage    Failure   Level
 Momentum Strike          Conj/Tloc      12%        3d8       22%         2
 Hailstorm                Conj/Ice       6%         3d4       38%         3


Dungeon Overview and Level Annotations

Branches:
Dungeon (1/15)

Altars:


Innate Abilities, Weirdness & Mutations

You have a beak for a mouth.
You have claws for feet.


Message History

You hit the bat.
Your weapon exudes an aura of protection.
You kill the bat!
You see here a bat corpse.
h - a scroll labelled WAS VILUVVORRO
There is a stone staircase leading down here.
You open the door.
There is an open door here.
Found a dagger.
You see here a +0 dagger.
You open the door.
There is an open door here.
There is an open door here.
There is an open door here.
There is an open door here.
There is an open door here.
You open the door.
A goblin comes into view. It is wielding a +2 dagger of venom.
The goblin shouts!
A dart slug comes into view.
The goblin moves out of view.
The goblin closely misses you.
The goblin hits you with a +2 dagger of venom.
You are lethally poisoned!
The dart slug bites you but does no damage.
You hit the dart slug.
Your weapon exudes an aura of protection.
The dart slug is severely wounded.
You feel very sick. The goblin hits you but does no damage.
You are more poisoned.
The dart slug bites you but does no damage.
The goblin hits you but does no damage.
You hit the dart slug.
You kill the dart slug!
* * * LOW HITPOINT WARNING * * *
You feel very sick. The goblin hits you but does no damage.
You are more poisoned.
You die...

..............####'####
..............# ♣.♣♣♣#
.#######...# ♣♣..♣# #
#####...# ♣♣♣.# #.
#...'...# #####'#
##.###.###...# #......
#...........## #......
#......g....# #......
#....@......# #§.....
#...........# #≈.≈...
#...........# #≈.≈...
#...........# #≈.§§..
#...........# #......
#...........# #......
#...........# #......
#...........# ####'''
#8...


You could see a goblin.

Vanquished Creatures
  A dart slug (D:1)
  3 bats (D:1)
  An endoplasm (D:1)
  2 goblins (D:1)
  2 quokkas (D:1)
  A ball python (D:1)
  2 frilled lizards (D:1)
  4 rats (D:1)
16 creatures vanquished.

Notes
Turn   | Place    | Note
-------+----------+-------------------------------------------
     0 | D:1      | Shayle the Tengu Reaver began the quest for the Orb.
     0 | D:1      | Reached XP level 1. HP: 12/12 MP: 4/4
   301 | D:1      | Reached XP level 2. HP: 15/17 MP: 6/6
   326 | D:1      | Found a faded altar of an unknown god.
   656 | D:1      | Succumbed to a goblin's poison

Illustrated notes

Levels and vault maps discovered:
D:1:      scummos_arrival_gate, layout_basic, shapermc_ecumenical_altar_ellora,
          corner_web_ring, roderic_serpentine_path

Action                   || total
-------------------------++-------
Melee: Short sword       ||    14
       Mace              ||    19
       Kick              ||     5
       Peck              ||     2
Armor: Leather armour    ||    19
Dodge: Dodged            ||    23

Table legend: (Time is in decaauts)
 A = Elapsed time spent in this place.
 B = Non-inter-level travel time spent in this place.
 C = Inter-level travel time spent in this place.
 D = Time resting spent in this place.
 E = Time spent auto-exploring this place.
 F = Levels seen in this place.
 G = Mean time per level.
                   A        B        C        D        E       F      G
               +--------+--------+--------+--------+--------+-----+--------+
         Total |    660 |    660 |      0 |      0 |    522 |   1 |  660.0 |
       Dungeon |    660 |    660 |      0 |      0 |    522 |   1 |  660.0 |
               +--------+--------+--------+--------+--------+-----+--------+

Top non-repeatable levels by time:
     D:1: 660 daAuts
